 Dungeon Crawl Stone Soup version 0.27-a0-1149-g4505690ab0 (webtiles) character file.

Game seed: 13978165408017446106

2766 Sobieck the Chopper (level 9, -1/71 HPs)
             Began as a Demonspawn Fighter on May 12, 2021.
             Was a Follower of Ru.
             Slain by Harold
             ... wielding a +0 scimitar
              (15 damage)
             ... on level 7 of the Dungeon.
             The game lasted 00:18:47 (6466 turns).

Sobieck the Chopper (Demonspawn Fighter)            Turns: 6466, Time: 00:18:48

Health: -1/71      AC: 11    Str: 19    XL:     9   Next: 42%
Magic:  9/9        EV: 15    Int: 10    God:    Ru [*.....]
Gold:   281        SH:  0    Dex: 13    Spells: 8/8 levels left

rFire    . . .     SeeInvis .   a - +5 battleaxe "Edarib" {speed, rPois, axe}
rCold    . . .     Faith    .   (shield currently unavailable)
rNeg     . . .     Spirit   .   f - +0 scale mail
rPois    +         Reflect  .   (no helmet)
rElec    .         Harm     .   (no cloak)
rCorr    .         Rampage  .   (no gloves)
Will     .....                  (boots unavailable)
Stlth    ..........             (no amulet)
HPRegen  0.21/turn              p - +4 ring of protection
MPRegen  0.11/turn              (no ring)

@: confused, agile, ambrosia-drunk, marked
A: talons 3, powered by pain 1, hated by all, sturdy frame 1
a: Renounce Religion


You were on level 7 of the Dungeon.
You worshipped Ru.
Ru was aware of your devotion.
You visited 2 branches of the dungeon, and saw 10 of its levels.

You collected 281 gold pieces.


Innate Abilities, Weirdness & Mutations

You have claws for feet.
You sometimes gain a little power by taking damage.
You are hated by all.
Your movements are slightly less encumbered by armour. (ER -2)


   Skills:
 + Level 6.9 Fighting
 * Level 7.0(7.6) Axes
 - Level 4.3(6.2) Maces & Flails
 + Level 6.4 Armour
 - Level 3.9 Shields


You had 8 spell levels left.
You didn't know any spells.
Your spell library was empty.

Inventory:

Hand Weapons
 a - the +5 battleaxe "Edarib" (weapon) {speed, rPois, axe}
   (You found it on level 4 of the Dungeon)

   Attacks with this weapon are significantly faster.
   It protects you from poison.
 b - a +1 hunting sling {sling}
   (You took it off a goblin on level 2 of the Dungeon)
 u - the +2 falchion of Eternal Vigilance {vorpal, Dex+4 Stlth+, long}
   (You found it on level 4 of the Dungeon)

   It inflicts extra damage upon your enemies.
   It affects your dexterity (+4).
   It makes you more stealthy.
 A - a +0 flail {mace}
Missiles
 e - 217 stones (quivered) {throwing}
 j - 44 sling bullets
 k - 2 javelins {throwing}
 t - 8 boomerangs {throwing}
 w - 7 arrows
 y - a curare-tipped dart {=fthrowing}
 B - 21 poisoned darts {throwing}
Armour
 c - a +0 kite shield
 f - a +0 scale mail (worn)
 g - a +2 scale mail of positive energy
   (You took it off an orc on level 8 of the Dungeon)
 s - a +0 helmet
   (You found it on level 3 of the Dungeon)
Jewellery
 p - a +4 ring of protection (left hand)
   (You found it on level 3 of the Dungeon)
Scrolls
 d - 2 scrolls of identify {@r1}
 h - a scroll of fear
 m - a scroll of blinking {unknown}
 n - a scroll of amnesia {unknown}
 v - a scroll of enchant weapon
 x - a scroll of vulnerability {!r!r}
Potions
 i - a potion of degeneration {unknown}
 l - a potion of ambrosia
 o - a potion of curing {@q1}
 q - a potion of magic
 r - a potion of resistance {unknown}
 z - a potion of heal wounds {unknown}
 C - a potion of brilliance {unknown}
 D - a potion of berserk rage {unknown}

Dungeon Overview and Level Annotations

Branches:
Dungeon (9/15)             Temple (1/1) D:5
   Lair: D:8-11         Orc: D:9-12

Altars:
Cheibriados
Dithmenos
Elyvilon
Gozag
Hepliaklqana
Kikubaaqudgha
Makhleb
Nemelex Xobeh
Okawaru
Qazlal
Ru
Sif Muna
Trog
Uskayaw
Vehumet
Wu Jian
Xom
Yredelemnul
Zin
The Shining One

Shops:
D:1 *   D:5 ?

Annotations:
D:5 exclusion: downstairs
D:6 Pikel
D:7 Harold
D:9 Psyche

.#.#...#... #......
..#((.#... #.##.##
#.#####... #.##.#
#....@..#+# #.##.##
#..# #.# #.##...
##.# #.# #.####.
#.######.## #.# #.
#.........##
#.####.
####@@.....#
#......
#.##...###########.
#.##..........####.
#.###..######......
#.# #..# #######
#.# #..# #.. ...#
#####.## #.


You could see Harold.


Message History

Do you really want to make this sacrifice?
You are now hated by all.
You now exude an aura of power that intimidates your foes.
Unknown command.
B - 21 poisoned darts {throwing} (gained 8)
Things that are here:
a +0 short sword {short}; a +0 whip {mace}; a kobold corpse 😎 HP[+9]
Your hp is fully restored (71).
e - 214 stones {throwing} (gained 4)
You see here a +0 short sword {short}.
Things that are here:
a +0 short sword {short}; a +0 whip {mace}; a kobold corpse
e - 216 stones {throwing} (gained 2);
y - a curare-tipped dart {=fthrowing}
Things that are here:
a +0 dagger {short}; a +0 dagger {short}; a +0 short sword {short} Unknown command.
Things that are here:
a +0 short sword {short}; a +0 whip {mace}; a kobold corpse You see here a +0 short sword {short}.
A kobold comes into view. It is wielding a +0 whip.
A kobold is nearby!
The kobold shouts!
The kobold hits you but does no damage.
You see here a +0 short sword {short}.
You slash the kobold!
You kill the kobold!
No target in view!
No target in view!
e - 217 stones {throwing} (gained 1)
Items here: ))) ††.
You see here a +0 short sword {short}.
You now have 268 gold pieces (gained 14).
You see here a +0 short sword {short}.
Items here: ))) ††.
Things that are here:
a +0 dagger {short}; a +0 dagger {short}; a +0 short sword {short} You now have 281 gold pieces (gained 13).
d - 2 scrolls of identify {@r1} (gained 1) Harold the Weathered comes into view.
He is wielding a +0 scimitar.
Harold shouts!
Harold throws a throwing net.
The throwing net hits you.
You become entangled in the net!
Found a hide-covered altar of Uskayaw.
You see here a throwing net {=f!fthrowing}.
You tear a large gash into the net.
Harold points at you and mumbles some strange words.
You barely resist.
Unknown command.
You struggle against the net.
Harold casts a spell at you. A sentinel's mark forms upon you.
You rip the net and break free!
Harold begins to cast a spell, but is stunned by your conviction!
Harold gestures at you while chanting. The mark upon you grows brighter.
Unknown command.
Harold fires a harpoon shot at you. The harpoon shot hits you!
You are yanked forward by the harpoon shot. 😕 HP[-8]
You take 8 damage, and now have 63/71 hp.
You completely miss Harold.
Harold hits you with a +0 scimitar. 😕 HP[-3]
You take 3 damage, and now have 60/71 hp.
You hit Harold.
Your kick misses Harold. 😕 HP[+1] Unknown command.
You slice Harold!!
Harold hits you with a +0 scimitar! 😮 HP[-15]
You take 15 damage, and now have 46/71 hp.
MASSIVE DAMAGE!! (PAUSE)
You hit Harold. You claw Harold, but do no damage.
Harold hits you with a +0 scimitar!
* * * LOW HITPOINT WARNING * * *
You focus on the pain.
You feel agile all of a sudden. 😨 HP[-17]
You take 17 damage, and now have 29/71 hp.
MASSIVE DAMAGE!! (PAUSE)
You barely miss Harold. You claw Harold, but do no damage.
Harold barely misses you.
Unknown command.
You hit Harold. You claw Harold. Harold hits you with a +0 scimitar!
* * * LOW HITPOINT WARNING * * *
😨 HP[-7]
You take 7 damage, and now have 22/71 hp.
You slice Harold!! Harold hits you with a +0 scimitar!
* * * LOW HITPOINT WARNING * * *
😱 HP[-16]
You take 16 damage, and now have 6/71 hp.
MASSIVE DAMAGE!! (PAUSE)
You are confused.
You feel invigorated.
Harold hits you but does no damage. 😱 HP[+5]
You regained 5 hp, and now have 11/71 hp.
Unknown command.
You hit Harold. You claw Harold, but do no damage.
Harold hits you with a +0 scimitar!
You die...

Skill      XL: |  1  2  3  4  5  6  7  8  9 |
---------------+----------------------------+-----
Maces & Flails | 2 3 4 |  4.3
Armour         | 3 4 5 6 |  6.4
Shields        | 3 |  3.9
Fighting       | 4 5 6 |  6.9
Axes           | 1 3 6 7 |  7.0

Action                   |  1- 3 |  4- 6 |  7- 9 || total
-------------------------+-------+-------+-------++-------
Melee: Flail             |   111 |   109 |       ||   220
       Kick              |    22 |    28 |    44 ||    94
       Battleaxe         |       |    17 |   160 ||   177
       Unarmed           |       |       |     4 ||     4
 Fire: Hunting sling     |    18 |    52 |    23 ||    93
Throw: Stone             |     2 |       |     5 ||     7
Invok: Sacrifice Love    |       |       |     1 ||     1
  Use: Scroll            |       |       |    11 ||    11
       Potion            |       |       |     7 ||     7
 Stab: Invisible         |       |       |     1 ||     1
Armor: Scale mail        |    89 |    66 |    61 ||   216
Dodge: Dodged            |    51 |    36 |    61 ||   148
Block: Kite shield       |    83 |    66 |       ||   149

Levels and vault maps discovered:
D:1:      shiori_arrival_elements, layout_rooms, serial_shops, shop,
          hangedman_decor_opposing
D:2:      layout_basic, ebering_ecumenical_altar_petrified, minmay_pentomino_u4,
          uniq_natasha
D:3:      layout_rooms, st_stairs_7, kennysheep_generic_room_7
D:4:      layout_cave_pods
D:5:      layout_basic, minmay_temple_entry_antechambers, serial_shops, shop,
          feat_on_display
D:6:      layout_basic, minmay_misc_feat_rows, lemuel_another_geyser,
          uniq_pikel, uniq_grinder
D:7:      layout_loops_corners, dancing_weapons_uskayaw,
          uniq_crazy_yiuf_cottage, uniq_harold
D:8:      layout_loops_ring
D:9:      layout_rooms, serial_shops, nicolae_shop_behind_doors, uniq_psyche
Temple:   regret_index_temple_sigil_plot

Notes
Turn   | Place    | Note
-------+----------+-------------------------------------------
     0 | D:1      | Sobieck the Demonspawn Fighter began the quest for the Orb.
     0 | D:1      | Reached XP level 1. HP: 18/18 MP: 1/1
     0 | D:1      | magus.rc [v1.9.6]
    88 | D:1      | Reached skill level 2 in Maces & Flails
   108 | D:1      | Gained mutation: You have sharp toenails. [demonic
                  | ancestry]
   108 | D:1      | Reached XP level 2. HP: 24/24 MP: 2/2
   543 | D:1      | Reached skill level 3 in Armour
   543 | D:1      | Gained mutation: You have razor-sharp toenails. [demonic
                  | ancestry]
   543 | D:1      | Reached XP level 3. HP: 24/29 MP: 3/3
   549 | D:1      | Found Cawirgh's General Store.
   714 | D:1      | Reached skill level 3 in Shields
  1168 | D:2      | Noticed Natasha
  1177 | D:2      | HP: 2/29 [Natasha (6)]
  1178 | D:2      | Killed Natasha
  1179 | D:2      | Reached skill level 3 in Maces & Flails
  1179 | D:2      | Reached XP level 4. HP: 3/35 MP: 4/4
  1586 | D:2      | Found a faded altar of an unknown god.
  2150 | D:3      | Gained mutation: Your movements are slightly less
                  | encumbered by armour. (ER -2) [demonic ancestry]
  2150 | D:3      | Reached XP level 5. HP: 42/42 MP: 5/5
  2183 | D:4      | Noticed a phantom
  2194 | D:4      | Killed a phantom
  2336 | D:4      | Noticed an ogre
  2347 | D:4      | Reached skill level 4 in Fighting
  2352 | D:4      | Killed an ogre
  2353 | D:4      | Reached skill level 4 in Maces & Flails
  2353 | D:4      | Gained mutation: You have claws for feet. [demonic
                  | ancestry]
  2353 | D:4      | Reached XP level 6. HP: 23/48 MP: 6/6
  2537 | D:4      | Identified the +2 falchion of Eternal Vigilance {vorpal,
                  | Dex+4 Stlth+}
  2640 | D:5      | Entered Level 5 of the Dungeon
  3170 | D:4      | Identified the +5 battleaxe "Edarib" {speed, rPois}
  3561 | D:5      | Reached skill level 4 in Armour
  3567 | D:5      | Reached skill level 1 in Axes
  3593 | D:5      | Reached XP level 7. HP: 52/55 MP: 7/7
  3713 | D:5      | Reached skill level 2 in Axes
  3874 | D:5      | Reached skill level 3 in Axes
  3891 | D:5      | Found a staircase to the Ecumenical Temple.
  3900 | Temple   | Entered the Ecumenical Temple
  3998 | Temple   | Became a worshipper of Ru the Awakened
  4549 | D:5      | Reached skill level 5 in Fighting
  4721 | D:5      | Found Qulish's Magic Scroll Boutique.
  4727 | D:5      | Reached XP level 8. HP: 58/62 MP: 8/8
  5130 | D:6      | Noticed Grinder
  5142 | D:6      | Killed Grinder
  5143 | D:6      | Reached skill level 4 in Axes
  5143 | D:6      | Reached skill level 5 in Armour
  5283 | D:6      | Reached skill level 5 in Axes
  5294 | D:6      | Noticed Pikel
  5294 | D:6      | You fall into a shaft and drop 3 floors!
  5331 | D:9      | Reached skill level 6 in Fighting
  5337 | D:9      | Reached skill level 6 in Axes
  5337 | D:9      | Gained mutation: You sometimes gain a little power by
                  | taking damage. [demonic ancestry]
  5337 | D:9      | Reached XP level 9. HP: 59/70 MP: 9/9
  5354 | D:9      | Identified a +2 robe of the Archmagi
  5354 | D:9      | Noticed Psyche
  5403 | D:8      | HP: 16/71 [sky beast (6)]
  5416 | D:8      | Reached skill level 6 in Armour
  5489 | D:8      | HP: 13/69 [wight/+4 battleaxe (7)]
  6272 | D:7      | Reached skill level 7 in Axes
  6296 | D:7      | Gained mutation: You are hated by all. [Ru sacrifice]
  6296 | D:7      | Reached * piety under Ru
  6440 | D:7      | Noticed a +0 dagger
  6440 | D:7      | Noticed a +0 hand axe
  6443 | D:7      | Found a hide-covered altar of Uskayaw.
  6443 | D:7      | Noticed Harold
  6464 | D:7      | HP: 6/71 [Harold/+0 scimitar (17)]
  6466 | D:7      | Slain by Harold

Vanquished Creatures
  Grinder (D:6)
  A wyvern (D:8)
  3 yaks (D:9)
  A water moccasin (D:6)
  An ice beast (D:5)
  A sky beast (D:8)
  An orc warrior (D:9)
  3 black bears
  2 necrophages
  2 ogres
  A lemure (D:6)
  A phantom (D:4)
  A kobold brigand (D:7)
  A scorpion (D:5)
  6 wights (D:8)
  A bullfrog zombie (D:6)
  A jelly (D:5)
  3 hounds
  An orc priest (D:9)
  2 centaur skeletons
  Natasha (D:2)
  2 scorpion zombies (D:5)
  A hound skeleton (D:5)
  8 adders
  2 dart slugs
  23 orcs
  6 ball pythons
  8 endoplasms
  4 giant cockroaches
  9 hobgoblins
  10 jackals
  A quokka (D:4)
  4 bats
  6 frilled lizards
  10 goblins
  12 kobolds
  2 rats (D:1)
143 creatures vanquished.

Vanquished Creatures (others)
  A withered plant (D:2)
1 creature vanquished.

Grand Total: 144 creatures vanquished

Table legend:
 A = Non-vault XP
 B = Vault XP
 C = Vault XP percentage of total XP
 D = Non-vault monster count
 E = Vault monster count
 F = Vault count percentage of total count
                 A         B        C        D         E       F
            +---------+---------+-------+---------+---------+-------
      Total |    3609 |     343 |   8.7 |     133 |       9 |   6.3
            +---------+---------+-------+---------+---------+-------
        D:1 |      54 |       0 |   0.0 |      32 |       0 |   0.0
        D:2 |      35 |      43 |  55.1 |      13 |       5 |  27.8
        D:3 |      66 |       2 |   2.9 |      17 |       1 |   5.6
        D:4 |     357 |       3 |   0.8 |      18 |       2 |  10.0
        D:5 |     899 |       0 |   0.0 |      17 |       0 |   0.0
        D:6 |     466 |     295 |  38.8 |      10 |       1 |   9.1
        D:7 |     239 |       0 |   0.0 |       8 |       0 |   0.0
        D:8 |     707 |       0 |   0.0 |      12 |       0 |   0.0
        D:9 |     786 |       0 |   0.0 |       6 |       0 |   0.0
            +---------+---------+-------+---------+---------+-------

Illustrated notes

Table legend:
 A = Kills in this place as a percentage of kills in entire the game.
 B = Kills by you in this place as a percentage of kills by you in the entire game.
 C = Kills by friends in this place as a percentage of kills by friends in the entire game.
 D = Other kills in this place as a percentage of other kills in the entire game.
 E = Experience gained in this place as a percentage of experience gained in the entire game.
 F = Experience gained in this place divided by the number of levels of this place that you have seen.
                   A       B       C       D       E      F
               +-------+-------+-------+-------+-------+----------------------
         Total | 100.0 | 100.0 |   N/A |   N/A | 100.0 | 395.2
       Dungeon | 100.0 | 100.0 |   N/A |   N/A | 100.0 | 439.1
               +-------+-------+-------+-------+-------+----------------------

Table legend: (Time is in decaauts)
 A = Elapsed time spent in this place.
 B = Non-inter-level travel time spent in this place.
 C = Inter-level travel time spent in this place.
 D = Time resting spent in this place.
 E = Time spent auto-exploring this place.
 F = Levels seen in this place.
 G = Mean time per level.
                   A        B        C        D        E       F      G
               +--------+--------+--------+--------+--------+-----+--------+
         Total |   6574 |   6129 |    445 |   1588 |   3175 |  10 |  657.4 |
       Dungeon |   6450 |   6030 |    420 |   1588 |   3139 |   9 |  716.7 |
        Temple |    123 |     98 |     25 |      0 |     36 |   1 |  123.0 |
               +--------+--------+--------+--------+--------+-----+--------+

Top non-repeatable levels by time:
     D:4: 1306 daAuts
     D:1: 1123 daAuts
     D:5: 1067 daAuts
     D:2: 831 daAuts
     D:8: 808 daAuts
     D:3: 613 daAuts
     D:6: 352 daAuts
     D:7: 271 daAuts
  Temple: 123 daAuts
     D:9: 76 daAuts
